Map: Blackpink LE

Players

Pain - Winner!

  • Race: Terran Terran
  • Spawn Location: 1:00

A.I. 1 (Medium)

  • Race: Zerg Zerg
  • Spawn Location: 7:00

VOD

Have the link to the VOD?

Description

Time

  • Played on: March 19, 2018, 12:25 a.m.
  • Length: 16:10
Show
View Real Time Build Order
Export as new Build Order

Pain Terran - Winner!

Build Orders:  

Get SALT Encoding   

  12  0:03  SCV  
  13  0:17  SCV  
  14  0:24  Supply Depot  
  14  0:37  Refinery  
  14  0:40  SCV  
  15  0:50  Barracks  
  15  0:52  SCV  
  16  1:05  Barracks  
  16  1:10  SCV  
  17  1:43  Bunker  
  17  1:52  Supply Depot  
  16  2:06  Marine x2  
  18  2:13  SCV  
  18  2:15  Engineering Bay  
  19  2:23  Marine  
  19  2:24  Marine  
  21  2:36  Factory  
  21  2:40  Orbital Command  
  21  2:41  Marine  
  22  2:51  Barracks Reactor  
  22  2:59  Marine  
  23  3:07  Missile Turret  
  23  3:20  Marine  
  23  3:22  Refinery  
  24  3:31  Marine x2  
  26  3:38  Marine  
  27  3:46  Supply Depot  
  27  3:47  Terran Infantry Weapons Level 1  
  27  3:49  Marine x2  
  29  3:56  Marine  
  30  4:14  Marine x2  
  30  4:15  Marine  
  33  4:22  Cyclone  
  36  4:32  Supply Depot, Marine x3  
  39  4:53  Marine  
  40  5:04  Marine x2, Command Center  
  42  5:41  Armory  
  42  5:42  Terran Infantry Armor Level 1  
  42  5:51  Marine x3  
  45  6:09  Marine x2  
  47  6:20  SCV  
  48  6:32  SCV  
  48  6:37  Terran Vehicle Weapons Level 1  
  49  6:43  Supply Depot  
  49  6:45  SCV  
  50  6:51  Hellbat  
  52  6:54  Marine x2  
  52  6:57  SCV  
  47  7:13  Hellbat  
  43  7:39  Marine  
  43  7:40  Marine x2  
  44  7:57  Marine x2  
  44  7:58  Marine, Hellbat  
  45  8:15  Marine x2  
  45  8:19  Hellbat  
  48  8:28  Marine  
  48  8:33  Marine x2  
  51  8:35  SCV  
  51  8:40  Hellbat  
  45  8:46  Marine  
  46  8:49  Terran Infantry Weapons Level 2  
  46  8:51  Marine  
  47  9:02  Hellbat  
  49  9:19  Orbital Command  
  49  9:28  Factory Reactor  
  49  9:32  Barracks Tech Lab  
  49  9:46  Starport, Marine x2  
  51  9:57  SCV  
  52  10:03  Marine  
  52  10:04  Marine  
  54  10:09  SCV  
  55  10:21  Marine x2  
  55  10:22  SCV  
  58  10:34  SCV  
  58  10:35  Factory  
  59  10:37  Hellbat x2  
  59  10:40  Marine  
  64  10:45  Medivac  
  64  10:46  SCV  
  67  10:51  Marauder  
  69  11:08  Hellbat x2  
  73  11:20  Combat Shields  
  73  11:26  Factory Reactor  
  73  11:31  Supply Depot  
  73  11:32  SCV  
  74  11:44  SCV  
  75  11:53  SCV  
  76  11:55  Supply Depot  
  76  11:56  SCV  
  77  12:05  SCV  
  76  12:08  SCV  
  73  12:18  SCV  
  73  12:20  SCV  
  75  12:30  SCV  
  74  12:40  Stimpack  
  74  12:42  SCV  
  75  12:54  Marine x2  
  75  12:55  Marauder  
  83  12:58  Hellbat x2  
  83  13:01  Medivac  
  84  13:08  Unknown  
  84  13:17  Marauder  
  90  13:20  Hellbat x2  
  90  13:35  Terran Vehicle And Ship Armor Level 1  
  90  13:38  Marauder  
  90  13:40  SCV  
  97  13:41  Hellbat x2  
  97  13:53  SCV  
  97  13:55  Refinery  
  98  13:56  Marine  
  98  13:59  Marauder  
  101  14:07  Supply Depot  
  101  14:10  Orbital Command  
  101  14:29  Hellbat, Marauder  
  101  14:30  Supply Depot  
  99  14:51  Marauder  
  99  15:02  Marine  
  99  15:03  Marine  
  97  15:12  Marauder  
  97  15:18  Hellbat x2  
  97  15:20  Marine x2  
  103  15:33  Marine  
  103  15:37  Unknown  
  103  15:38  Marine  
  103  15:40  Hellbat x2  
Show
View Real Time Build Order
Export as new Build Order

A.I. 1 (Medium) Zerg 

Build Orders: Pool First 

Get SALT Encoding   

  12  0:00  Drone  
  13  0:12  Overlord  
  13  0:17  Drone  
  14  0:30  Drone  
  14  0:33  Drone  
  16  0:42  Spawning Pool  
  15  0:45  Drone  
  15  0:49  Drone  
  17  0:52  Extractor  
  17  0:55  Drone  
  17  1:06  Overlord  
  17  1:29  Queen  
  17  1:31  Zergling x2  
  20  1:37  Roach Warren, Zergling x2  
  20  1:38  Drone  
  20  1:39  Extractor  
  20  1:49  Drone  
  21  1:54  Baneling Nest  
  21  2:00  Drone  
  21  2:10  Drone  
  22  2:21  Zergling x2  
  23  2:32  Zergling x2  
  23  2:36  Overlord  
  24  2:38  Zergling x2  
  24  2:43  Zergling x2  
  26  2:49  Zergling x2  
  27  2:55  Zergling x2  
  28  3:01  Baneling x3  
  28  3:05  Zergling x2  
  29  3:11  Zergling x2, Overlord  
  30  3:16  Zergling x2  
  31  3:22  Baneling  
  31  3:23  Baneling x2, Zergling x2  
  32  3:30  Zergling x2  
  32  3:33  Evolution Chamber  
  32  3:39  Drone  
  33  3:42  Drone  
  33  3:45  Drone  
  36  3:48  Drone  
  36  3:53  Drone  
  37  4:04  Drone  
  38  4:12  Drone  
  39  6:24  Roach, Lair, Overlord  
  41  6:26  Spore Crawler  
  41  6:27  Spore Crawler  
  41  6:28  Drone  
  41  6:31  Evolution Chamber, Drone  
  41  6:32  Hatchery  
  39  6:34  Drone  
  39  6:36  Roach  
  42  6:42  Drone, Overlord  
  42  6:45  Drone  
  44  6:48  Roach  
  44  6:52  Spine Crawler  
  45  6:54  Spine Crawler  
  45  7:00  Roach  
  45  7:06  Overlord  
  41  7:12  Roach  
  41  7:21  Queen, Overseer x2  
  43  7:24  Roach  
  43  7:26  Hydralisk Den  
  43  7:27  Drone  
  43  7:29  Infestation Pit  
  42  7:30  Drone  
  42  7:31  Spire  
  42  7:33  Drone  
  40  7:45  Drone, Queen  
  40  7:47  Spore Crawler  
  40  7:48  Drone  
  40  7:49  Spore Crawler  
  40  7:50  Drone  
  41  7:56  Hydralisk  
  41  7:57  Drone  
  28  8:08  Drone  
  28  8:09  Roach  
  28  8:10  Drone  
  30  8:16  Drone  
  21  8:20  Hydralisk  
  21  8:26  Drone  
  21  8:31  Drone  
  21  8:33  Zergling x2  
  21  9:28  Drone  
  21  9:29  Hatchery  
  21  9:34  Drone  
  22  9:43  Drone  
  23  9:50  Drone  
  24  9:57  Drone  
  25  10:04  Drone  
  26  10:10  Drone  
  27  10:16  Drone  
  27  10:21  Drone  
  29  10:25  Drone  
  30  10:30  Drone  
  30  10:35  Drone  
  32  10:39  Drone  
  33  10:45  Roach  
  35  10:56  Overseer  
  37  10:57  Roach  
  37  11:14  Hive  
  37  11:39  Pneumatized Carapace  
  37  11:45  Overseer  
  37  12:05  Zergling x2  
  29  12:16  Hydralisk  
  29  12:23  Drone  
  29  12:26  Drone  
  29  12:27  Ultralisk Cavern  
  29  12:28  Hydralisk  
  29  12:29  Drone  
  27  12:32  Drone  
  27  12:35  Drone  
  29  12:41  Drone  
  30  12:45  Overlord  
  28  12:56  Overseer  
  26  13:06  Overlord  
  26  13:22  Overseer  
  26  13:24  Overlord  
  26  13:27  Hydralisk  
  28  13:38  Overlord  
  28  13:41  Overlord  
  28  13:54  Overlord  
  28  13:58  Hydralisk  
  28  14:06  Overlord  
  26  14:19  Overlord  
  26  14:31  Overlord  
  17  14:38  Drone  
  13  14:41  Drone  
  13  14:43  Drone, Spawning Pool  
  10  14:46  Drone  
  10  14:52  Overlord  
Tags
 
Matchup
TvZ
Opening
Pool First
Replay Pack
RP
Spawn Locations
Cross Positions
Add a new tag
Caveats
  • Supply blocks, unpowered buildings, or Contaminate may cause inaccurate times.
  • Supply counts are checked every 10 seconds.